 Dungeon Crawl Stone Soup version 0.24-a0-160-gfa3a8d6 (webtiles) character file.

Game seed: 15493972591552687410

635 galech the Chopper (level 7, -5/54 HPs)
             Began as a Demonspawn Fighter on Mar 5, 2019.
             Was a Follower of Okawaru.
             Killed from afar by Harold (12 damage)
             ... with a harpoon shot
             ... on level 7 of the Dungeon.
             The game lasted 00:06:06 (5479 turns).

galech the Chopper (Demonspawn Fighter)             Turns: 5479, Time: 00:06:07

Health: -5/54      AC: 14    Str: 16    XL:     7   Next: 25%
Magic:  7/7        EV:  5    Int: 10    God:    Okawaru [*.....]
Gold:   215        SH:  9    Dex: 14    Spells: 6/6 levels left

rFire    + . .     SeeInvis .   b - +2 hand axe (freeze)
rCold    . . .     Gourm    .   c - +0 shield
rNeg     . . .     Faith    .   n - +0 chain mail
rPois    .         Spirit   .   (no helmet)
rElec    .         Reflect  .   (no cloak)
rCorr    .         Harm     .   m - +0 pair of gloves
MR       .....                  t - +2 pair of boots {Stlth+}
Stlth    ..........             (no amulet)
HPRegen  0.18/turn              r - ring of attention (curse)
MPRegen  0.10/turn              C - ring of stealth

@: marked, studying Fighting
A: claws 1, hooves 2, fire resistance 1, powered by pain 1
a: Heroism, Renounce Religion


You were on level 7 of the Dungeon.
You worshipped Okawaru.
Okawaru was aware of your devotion.
You were hungry.

You visited 1 branch of the dungeon, and saw 7 of its levels.

You collected 215 gold pieces.

Inventory:

Hand Weapons
 a - a +0 war axe
 b - a +2 hand axe of freezing (weapon)
Armour
 c - a +0 shield (worn)
 m - a +0 pair of gloves (worn)
 n - a +0 chain mail (worn)
 s - a +0 ring mail of fire resistance
 t - a +2 pair of boots of stealth (worn)
Jewellery
 r - a cursed ring of attention (left hand)
 v - an uncursed ring of ice
 A - an uncursed ring of wizardry
 C - a ring of stealth (right hand)
Wands
 w - a wand of polymorph (13)
 B - a wand of random effects (24)
Scrolls
 g - a scroll of enchant armour
 k - a scroll of fog
 o - 3 scrolls of fear
 p - 3 scrolls of remove curse
 q - 4 scrolls of teleportation
 u - 4 scrolls of identify
 y - 2 scrolls of random uselessness {unknown}
 D - a scroll of magic mapping {unknown}
Potions
 d - a potion of might
 e - 4 potions of curing {unknown}
 h - a potion of heal wounds {unknown}
 i - 3 potions of agility {unknown}
 j - a potion of mutation {unknown}
 l - 2 potions of flight {unknown}
 x - a potion of berserk rage {unknown}
Books
 z - a manual of Fighting
Comestibles
 f - 10 rations


   Skills:
 + Level 4.2 Fighting
 + Level 4.8 Axes
 + Level 4.4 Armour
 + Level 0.9 Dodging
 + Level 0.3 Stealth
 + Level 4.1 Shields


You had 6 spell levels left.
You didn't know any spells.
Your spell library contained the following spells:

 Spells                   Type           Power        Failure   Level  Hunger
 Animate Skeleton         Necr           N/A          100%        1    ##.....
 Apportation              Tloc           #.....       100%        1    ##.....
 Confusing Touch          Hex            #.....       100%        1    ##.....
 Magic Dart               Conj           #...         100%        1    ##.....
 Summon Small Mammal      Summ           #...         100%        1    ##.....
 Blink                    Tloc           N/A          100%        2    ###....
 Call Imp                 Summ           #.......     100%        2    ###....
 Slow                     Hex            #.......     100%        2    ###....
 Conjure Flame            Conj/Fire      #.......     100%        3    ####...
 Mephitic Cloud           Conj/Pois/Air  #.......     100%        3    ####...


Dungeon Overview and Level Annotations

Branches:
Dungeon (7/15)             Temple (0/1) D:5

Altars:
Ashenzari
Cheibriados
Elyvilon
Fedhas
Okawaru
Qazlal
Sif Muna
Trog
Uskayaw
Zin
The Shining One

Shops:
D:4 *

Annotations:
D:4 1 runed translucent door, 2 transporters, Lanoc's ghost, amateur DsGl
D:7 Harold


Innate Abilities, Weirdness & Mutations

You have sharp fingernails.
You have hoof-like feet.
Your flesh is heat resistant. (rF+)
You sometimes gain a little power by taking damage.


Message History

Beogh smites you!
* * * LOW HITPOINT WARNING * * *
You are too injured to fight recklessly!
You are too injured to fight recklessly!
You are too injured to fight recklessly!
You are too injured to fight recklessly!
You are too injured to fight recklessly!
You are too injured to fight recklessly!
You are too injured to fight recklessly!
You are too injured to fight recklessly!
Harold casts a spell at you. The harpoon shot hits you.
* * * LOW HITPOINT WARNING * * *
You are yanked forward by the harpoon shot.
Harold throws a throwing net.
You block the throwing net.
You see here a throwing net.
You can't go up here!
Harold points at you and mumbles some strange words.
The harpoon shot hits you!
You die...

#. ... .#
#.##<###.
....... ......
#Z#..# # #o#..#
####.###@#..#
..........(.#
..........@.#
##....##.####
#.....##.####..#
......)..))....#
#..[####.#####.#
## #.). ......
########


You could see Harold and an orc priest.

Vanquished Creatures
  A centaur (D:4)
  A water moccasin skeleton (D:6)
  A bullfrog zombie (D:4)
  A hound (D:4)
  3 orc wizards
  Jessica (D:2)
  Terence (D:2)
  5 worker ants
  A hound skeleton (D:4)
  A mummy (D:6)
  4 adders
  An ooze (D:1)
  An adder skeleton (D:4)
  2 adder zombies
  4 worms (D:6)
  2 dart slugs (D:1)
  3 leopard geckos
  11 orcs
  A bat (D:1)
  4 giant cockroaches
  7 goblins
  10 hobgoblins
  3 jackals (D:2)
  4 quokkas
  8 frilled lizards
  A hobgoblin zombie (D:6)
  6 kobolds
  A leopard gecko zombie (D:7)
  3 orc zombies (D:6)
  A quokka skeleton (D:5)
  10 rats
103 creatures vanquished.

Notes
Turn   | Place    | Note
-------+----------+-------------------------------------------
     0 | D:1      | galech the Demonspawn Fighter began the quest for the Orb.
     0 | D:1      | Reached XP level 1. HP: 18/18 MP: 1/1
    84 | D:1      | Gained mutation: You sometimes gain a little power by
                  | taking damage. [demonic ancestry]
    84 | D:1      | Reached XP level 2. HP: 24/24 MP: 2/2
   500 | D:1      | Gained mutation: Your flesh is heat resistant. (rF+)
                  | [demonic ancestry]
   500 | D:1      | Reached XP level 3. HP: 27/29 MP: 3/3
   914 | D:2      | Noticed Jessica
   927 | D:2      | Killed Jessica
   949 | D:2      | Reached XP level 4. HP: 7/35 MP: 4/4
  1346 | D:2      | Noticed Terence
  1358 | D:2      | Killed Terence
  1765 | D:3      | Found a hide-covered altar of Uskayaw.
  1775 | D:3      | Found a shattered altar of Ashenzari.
  1926 | D:3      | Found a stormy altar of Qazlal.
  1976 | D:3      | Found a snail-covered altar of Cheibriados.
  2464 | D:3      | Gained mutation: You have large cloven feet. [demonic
                  | ancestry]
  2464 | D:3      | Reached XP level 5. HP: 40/41 MP: 5/5
  2929 | D:3      | Found a glowing golden altar of the Shining One.
  2963 | D:3      | Found a blossoming altar of Fedhas.
  3069 | D:4      | Found Xown's Elemental Accessories.
  3162 | D:4      | Noticed Lanoc's ghost (amateur DsGl)
  3164 | D:4      | Found a runed translucent door.
  3417 | D:4      | Found a transporter.
  3425 | D:4      | Found a transporter.
  3625 | D:4      | Found a glowing silver altar of Zin.
  3625 | D:4      | Found a white marble altar of Elyvilon.
  3625 | D:4      | Found a glowing golden altar of the Shining One.
  3668 | D:4      | Found an iron altar of Okawaru.
  3673 | D:4      | Became a worshipper of Warmaster Okawaru
  3799 | D:4      | Noticed a centaur
  3820 | D:4      | Killed a centaur
  3825 | D:4      | Gained mutation: You have sharp fingernails. [demonic
                  | ancestry]
  3825 | D:4      | Reached XP level 6. HP: 20/47 MP: 6/6
  4157 | D:5      | Entered Level 5 of the Dungeon
  4203 | D:5      | Found a staircase to the Ecumenical Temple.
  4717 | D:6      | Found a deep blue altar of Sif Muna.
  5131 | D:6      | Reached * piety under Okawaru
  5131 | D:6      | Gained mutation: You have hoof-like feet. [demonic
                  | ancestry]
  5131 | D:6      | Reached XP level 7. HP: 45/54 MP: 7/7
  5234 | D:6      | Noticed a moth of wrath
  5237 | D:6      | Found a bloodstained altar of Trog.
  5461 | D:7      | Noticed Harold
  5479 | D:7      | Killed from afar by Harold

Levels and vault maps discovered:
D:1:      beargit_arrival_greenhouse, layout_basic
D:2:      layout_loops_ring, uniq_jessica, uniq_terence
D:3:      layout_basic, grunt_temple_overflow_forces_of_nature,
          chequers_temple_overflow_statue_of_worship, lemuel_crystal_altar,
          nicolae_tso_swordbearing_angel
D:4:      gammafunk_wand_slinger, layout_loops_corners, good_gods_mini_temple,
          kennysheep_little_box, hellmonk_ghost_happy_afterlife, first_ration,
          nicolae_elemental_shop, minmay_manual_mullet
D:5:      layout_rooms, minmay_temple_entry_sparse_star
D:6:      layout_loops_ring, led_sif_book, tgw_trog, minmay_mini_ossuary
D:7:      layout_loops_ring, grunt_livestock, grunt_ministairs_14, uniq_harold,
          uniq_joseph

Skill      XL: |  1  2  3  4  5  6 |
---------------+-------------------+-----
Armour         | 3 4 |  4.4
Axes           | 2 3 4 |  4.8
Shields        | 3 4 |  4.1
Fighting       | 4 |  4.2
Dodging        | |  0.9
Stealth        | |  0.3

Action                   |  1- 3 |  4- 6 |  7- 9 || total
-------------------------+-------+-------+-------++-------
Melee: War axe           |    82 |    59 |       ||   141
       Hand axe          |       |   215 |    57 ||   272
  Use: Scroll            |       |     6 |       ||     6
  Eat: Chunk             |       |    10 |     1 ||    11
       Ration            |       |     1 |       ||     1
Armor: Scale mail        |    38 |    19 |       ||    57
       Chain mail        |       |   132 |    11 ||   143
Dodge: Dodged            |    27 |    56 |     5 ||    88
Block: Shield            |    45 |   134 |    27 ||   206

Table legend:
 A = Non-vault XP
 B = Vault XP
 C = Vault XP percentage of total XP
 D = Non-vault monster count
 E = Vault monster count
 F = Vault count percentage of total count
                 A         B        C        D         E       F
            +---------+---------+-------+---------+---------+-------
      Total |     548 |     360 |  39.6 |      87 |      16 |  15.5
            +---------+---------+-------+---------+---------+-------
        D:1 |      50 |       0 |   0.0 |      25 |       0 |   0.0
        D:2 |      24 |      73 |  75.3 |      15 |       2 |  11.8
        D:3 |      71 |       0 |   0.0 |      16 |       0 |   0.0
        D:4 |      44 |     204 |  82.3 |       5 |       3 |  37.5
        D:5 |     154 |       0 |   0.0 |      14 |       0 |   0.0
        D:6 |     116 |      83 |  41.7 |       8 |      11 |  57.9
        D:7 |      89 |       0 |   0.0 |       4 |       0 |   0.0
            +---------+---------+-------+---------+---------+-------
